AoeStats
← rickymach1012

Arabia

510588209Analyzed
1v1 RM · 23h ago on Oct 1, 2026· 27m 31s· 2 players
Game mode
Random Map
Map size
Tiny (2 player)
Population
200
Speed
Normal
Resources
Standard
Victory
Conquest
Starting age
Dark Age
Ending age
Imperial Age
RankedLock teamsTeams togetherTeam positionsShared explorationLock speedFull tech treeHidden civsTurbo modeCheats
Victory
Defeat
🇫🇷 Wei · France
671
+15
🇺🇾 Saracens · Uruguay
660
-33
rickymach1012
0:58 Loom
15:13 Feudal Age
16:55 Wheelbarrow
16:05 Town Watch
20:55 Man-at-Arms
21:21 Arson
27:41 Castle Age
27:28 Gold Mining
27:30 Stone Mining
tonin83w
10:20 Feudal Age
15:34 Castle Age
13:53 Double-Bit Axe
17:59 Bow Saw
23:25 Bloodlines
24:33 Scale Barding Armor
24:57 Forging
26:12 Chain Barding Armor
25:46 Fletching
26:26 Ballistics
Connection lost

Rejoining the realm…

Still unreachable

The connection could not be restored.

Session expired

The server has moved on; the page needs a fresh start.